 Dungeon Crawl Stone Soup version 0.31-a0-198-g2ad674f65e (webtiles) character file.

Game seed: 304984574353819951

47 qw the Shooter (level 3, -5/20 HPs)
             Began as a Deep Elf Hunter on June 25, 2023.
             Slain by Sigmund
             ... wielding a +0 scythe
              (9 damage)
             ... on level 2 of the Dungeon.
             The game lasted 00:00:28 (1264 turns).

qw the Shooter (Deep Elf Hunter)                    Turns: 1264, Time: 00:00:28

Health: -5/20      AC:  8    Str: 10    XL:     3   Next: 48%
Magic:  5/5        EV: 11    Int: 13    God:
Gold:   97         SH:  0    Dex: 18    Spells: 2/2 levels left

rFire   . . .        Y - +0 shortbow
rCold   + . .        (shield currently unavailable)
rNeg    . . .        e - +0 ring mail
rPois   .            (no helmet)
rElec   .            i - +2 cloak
rCorr   .            (no gloves)
SInv    .            (no boots)
Will    .....        (no amulet)
Stlth   +            d - ring of protection from cold
HPRegen 0.23/turn    (no ring)
MPRegen 0.09/turn

%: no passive effects
@: no status effects
A: no striking features
a: no special abilities


You were on level 2 of the Dungeon.
You visited 1 branch of the dungeon, and saw 2 of its levels.

You collected 97 gold pieces.


   Skills:
 - Level 1.5 Fighting
 + Level 7.0 Ranged Weapons
 - Level 2.4 Dodging
 - Level 1.2 Stealth


You had 2 spell levels left.
You didn't know any spells.
Your spell library was empty.

Inventory:

Hand Weapons
 Y - a +0 shortbow (weapon)
Armour
 e - a +0 ring mail (worn)
 h - a +0 pair of gloves
 i - a +2 cloak (worn)
Jewellery
 d - a ring of protection from cold (left hand)
Scrolls
 b - a scroll of fear {unknown}
Potions
 a - 2 potions of curing {unknown}
 c - a potion of heal wounds {unknown}
 f - 2 potions of degeneration {unknown}
 g - a potion of lignification {unknown}
 j - 2 potions of attraction {unknown}
 k - a potion of experience {unknown}

Dungeon Overview and Level Annotations

Branches:
Dungeon (2/15)

Altars:

Annotations:
D:2 Sigmund


Message History

You shoot an arrow. The arrow hits the endoplasm.
You kill the endoplasm!
You now have 97 gold pieces (gained 13).
You see here a +0 mace.
As you open the door, it creaks loudly!
Sigmund the Dreaded comes into view.
He is wielding a +0 scythe.
Sigmund shouts!
Sigmund casts a spell at you.
You are confused.
Enter note:
Enter note:
Enter note:
Enter note:
Enter note:
Enter note:
Enter note:
Enter note:
Enter note:
Enter note:
Enter note:
Enter note:
Enter note:
Enter note:
Enter note: Sigmund mumbles some strange words.
Sigmund flickers and vanishes!
Deactivating autopickup; reactivate with Ctrl-A.
A goblin comes into view. It is wielding a +0 club.
You feel less confused.
You shoot an arrow. Something hits you but does no damage.
You shoot an arrow. The arrow hits the goblin.
You kill the goblin!
Something hits you!
You shoot an arrow. You shoot an arrow. Something hits you!
You shoot an arrow. Something hits you!
You die...

### ######## ..+ ..# #.......
#.# ####.#### #....... #.#
....... #....... #.# .....
#....... # #.# ).. #.......
..##.# #'# #.......
....%######## #@#########.......
....<.......# #........##.......
.......####.# ########.##.......
...###.# #.###########.##.......
##. #.# #.##...................
... #.# #.##.#.######.##.......
#..# #.# #.##....# #.###.##.##
.... #.# ##.####..# #.# #.##.#
....##.###.....#..#####.###.##.#


There were no monsters in sight!

Vanquished Creatures
  An adder (D:2)
  A worm (D:2)
  A dart slug (D:2)
  7 bats
  5 endoplasms
  3 goblins
  A hobgoblin (D:1)
  2 quokkas
  3 ball pythons (D:1)
  3 frilled lizards
  3 kobolds (D:1)
  3 rats (D:1)
33 creatures vanquished.

Notes
Turn   | Place    | Note
-------+----------+-------------------------------------------
     0 | D:1      | qw the Deep Elf Hunter began the quest for the Orb.
     0 | D:1      | Reached XP level 1. HP: 12/12 MP: 3/3
     0 | D:1      | 0 ||| qw: Version: 0.3-a-22-g0ed2b0b
     0 | D:1      | 0 ||| qw: Game counter: 5015
     0 | D:1      | 0 ||| qw: Melee chars always use a shield: true
     0 | D:1      | 0 ||| qw: God list: Okawaru
     0 | D:1      | 0 ||| qw: Allow faded altars: false
     0 | D:1      | 0 ||| qw: Do Orc after clearing Dungeon:15 true
     0 | D:1      | 0 ||| qw: Do second Lair branch before Depths: true
     0 | D:1      | 0 ||| qw: Lair rune preference: random
     0 | D:1      | 0 ||| qw: Goals: Normal
     0 | D:1      | 0 ||| PLANNING D:1-11
   176 | D:1      | Reached XP level 2. HP: 16/16 MP: 4/4
   243 | D:1      | Reached skill level 6 in Ranged Weapons
   287 | D:1      | Found a faded altar of an unknown god.
   660 | D:1      | 660 ||| UPGRADING to +0 ring mail.
   670 | D:1      | 670 ||| DROPPING +0 leather armour.
   671 | D:1      | 671 ||| UPGRADING to +2 cloak.
   676 | D:1      | 676 ||| UPGRADING to ring of protection from cold.
   677 | D:1      | 677 ||| READING scroll labelled RERHIOSEBI.
   682 | D:1      | 682 ||| READING scroll labelled DYOT WU QUOD.
   683 | D:1      | 683 ||| READING scroll labelled VEDOCH PIFFUOQINE.
   684 | D:1      | 684 ||| READING scroll labelled UMOZ MELOPY.
   685 | D:1      | 685 ||| DROPPING scroll of butterflies.
   717 | D:2      | 717 ||| STAIRDANCE
   862 | D:2      | Reached XP level 3. HP: 18/20 MP: 5/5
  1154 | D:2      | Reached skill level 7 in Ranged Weapons
  1254 | D:2      | Noticed Sigmund
  1263 | D:2      | HP: 3/20 [something (8)]
  1264 | D:2      | Slain by Sigmund

Levels and vault maps discovered:
D:1:      nzn_arrival_settlement, layout_loops_ring, basic_ecumenical_altar,
          st_stairs_3, minivault_4
D:2:      layout_basic, uniq_sigmund

Skill      XL: |  1  2  3 |
---------------+----------+-----
Ranged Weapons | 6 7 |  7.0
Fighting       | |  1.5
Dodging        | |  2.4
Stealth        | |  1.2

Action                     || total
---------------------------++-------
   Fire: Shortbow          ||    92
    Use: Scroll            ||     4
 Armour: Ring mail         ||     5
         Leather armour    ||     4
  Dodge: Dodged            ||    21

Table legend:
 A = Non-vault XP
 B = Vault XP
 C = Vault XP percentage of total XP
 D = Non-vault monster count
 E = Vault monster count
 F = Vault count percentage of total count
                 A         B        C        D         E       F
            +---------+---------+-------+---------+---------+-------
      Total |      65 |       3 |   4.4 |      31 |       2 |   6.1
            +---------+---------+-------+---------+---------+-------
        D:1 |      27 |       3 |  10.0 |      19 |       2 |   9.5
        D:2 |      38 |       0 |   0.0 |      12 |       0 |   0.0
            +---------+---------+-------+---------+---------+-------
